 Dungeon Crawl Stone Soup version 0.25-a0-366-g516bc45ae0 (webtiles) character file.

Game seed: 13106751547384009927, levelgen mode: deterministic

169672 bmfx the Warrior (level 17, -4/193 HPs)
             Began as an Ogre Abyssal Knight on Jan 7, 2020.
             Was a High Priest of Lugonu.
             Killed from afar by a naga ritualist (14 damage)
             ... with a lance of force
             ... on level 3 of the Snake Pit on Jan 14, 2020.
             The game lasted 02:28:38 (62734 turns).

bmfx the Warrior (Ogre Abyssal Knight)             Turns: 62734, Time: 02:28:38

Health: -4/193     AC:  6    Str: 20    XL:     17   Next: 97%
Magic:  6/44       EV: 10    Int: 30    God:    Lugonu [*****.]
Gold:   592        SH:  0    Dex:  8    Spells: 9/44 levels left

rFire    . . .     SeeInvis .   w - +6 halberd of Subterfuge {chop, MR+ Int+5 Stlth-}
rCold    . . .     Gourm    +   (shield currently unavailable)
rNeg     . . .     Faith    .   k - +0 robe of the Great Game {Int+2}
rPois    x         Spirit   .   X - +2 hat
rElec    .         Reflect  .   Q - +0 cloak
rCorr    .         Harm     .   (gloves unavailable)
MR       ++...                  (boots unavailable)
Stlth    ..........             d - amulet of the gourmand
HPRegen  0.42/turn              G - ring of magical power
MPRegen  0.29/turn              q - +5 ring of intelligence

@: lethally poisoned (-4 -> -27), poison vulnerable, slightly contaminated
A: large, unfitting armour, tough skin 1
a: Depart the Abyss, Bend Space, Banish, Corrupt, Enter the Abyss, Renounce
Religion


You were on level 3 of the Snake Pit.
You worshipped Lugonu.
Lugonu was extremely pleased with you.
You were not hungry.

You visited 6 branches of the dungeon, and saw 31 of its levels.
You visited the Abyss 1 time.
You also visited: Gauntlet and Volcano.

You collected 2714 gold pieces.
You spent 2122 gold pieces at shops.


Innate Abilities, Weirdness & Mutations

You are too large for most types of armour.
You have tough skin. (AC +1)

Dungeon Overview and Level Annotations

Branches:
Dungeon (15/15)            Temple (1/1) D:4            Lair (6/6) D:8
 Shoals (4/4) Lair:4        Snake (3/4) Lair:2        Slime (0/5) Lair:5
    Orc (2/2) D:9             Elf (0/3) Orc:2        Vaults (0/5) D:13
 Depths (0/5) D:15        Volcano (visited)         Gauntlet (visited)

Altars:
Ashenzari
Cheibriados
Dithmenos
Elyvilon
Fedhas
Hepliaklqana
Okawaru
Ru
Trog
Uskayaw
Vehumet
Wu Jian
Xom
Beogh

Shops:
D:5 *   D:12 (   Orc:1 %   Orc:2 ?!%(:   Snake:1 !

Portals:
Pandemonium: Orc:2

Annotations:
D:14 2 runed translucent doors, Follixusi's ghost, journeyman MiBe
Lair:6 1 runed translucent door, krystol's ghost, journeyman HOAK
Shoals:1 corrupted
Shoals:4 Polyphemus
Snake:2 corrupted
Abyss:1 Erica, Josephine, Sonja


   Skills:
 - Level 18.0 Fighting
   Level 12.5 Axes
 - Level 3.4 Throwing
 + Level 3.6 Dodging
 - Level 14.1 Spellcasting
 - Level 11.2 Conjurations
 - Level 12.2 Earth Magic
 - Level 10.0 Invocations
 - Level 8.0 Evocations


You had 9 spell levels left.
You knew the following spells:

 Your Spells              Type           Power        Failure   Level  Hunger
a - Apportation           Tloc           ###...       2%          1    None
b - Blink                 Tloc           N/A          3%          2    None
w - Passwall              Tmut/Erth      ######..     1%          2    None
A - Bolt of Magma         Conj/Fire/Erth ######....   2%          5    None
B - Iron Shot             Conj/Erth      #######...   2%          6    ####...
C - Irradiate             Conj/Tmut      ######....   6%          5    None
D - Lee's Rapid Deconstr  Erth           #######...   1%          5    None
E - Petrify               Tmut/Erth      ######..     1%          4    None
F - Borgnjor's Vile Clut  Necr/Erth      ######....   5%          5    None

Your spell library contained the following spells:

 Spells                   Type           Power        Failure   Level  Hunger
 Sandblast                Erth           ######       0%          1    None
 Dazzling Flash           Conj/Hex       ######       1%          3    None
 Stone Arrow              Conj/Erth      ######       1%          3    None
 Leda's Liquefaction      Hex/Erth       ######....   1%          4    None
 Animate Skeleton         Necr           N/A          2%          1    None
 Beastly Appendage        Tmut           ###...       2%          1    None
 Confusing Touch          Hex            ###...       2%          1    None
 Corona                   Hex            ###....      2%          1    None
 Infusion                 Chrm           ###.         2%          1    None
 Sting                    Tmut/Pois      ###.         2%          1    None
 Summon Small Mammal      Summ           ###.         2%          1    None
 Ensorcelled Hibernation  Hex/Ice        ###...       3%          2    None
 Shroud of Golubria       Chrm/Tloc      ###...       3%          2    None
 Song of Slaying          Chrm           ###.....     3%          2    None
 Confuse                  Hex            ###.....     7%          3    None
 Gell's Gravitas          Tloc           ###.......   7%          3    None
 Lesser Beckoning         Tloc           ###.......   7%          3    None
 Ozocubu's Armour         Chrm/Ice       ###.....     7%          3    None
 Recall                   Summ/Tloc      N/A          7%          3    None
 Spectral Weapon          Hex/Chrm       ###.....     7%          3    None
 Teleport Other           Tloc           ###.....     7%          3    None
 Tukima's Dance           Hex            ###.....     7%          3    None
 Animate Dead             Necr           N/A          22%         4    None
 Ice Form                 Ice/Tmut       ###.....     22%         4    None
 Passage of Golubria      Tloc           N/A          22%         4    None
 Statue Form              Tmut/Erth      ######...    28%         6    ####...
 Alistair's Intoxication  Tmut/Pois      ###.....     54%         5    None
 Aura of Abjuration       Summ           ###.......   54%         5    None
 Summon Demon             Summ           ###.......   54%         5    None
 Summon Forest            Summ/Tloc      ###.......   54%         5    None
 Summon Mana Viper        Hex/Summ       ###.....     54%         5    None
 Death Channel            Necr           ###.......   98%         6    ####...
 Eringya's Noxious Bog    Tmut/Pois      ###.......   98%         6    ####...
 Shadow Creatures         Summ           N/A          98%         6    ####...
 Simulacrum               Ice/Necr       ###.......   98%         6    ####...
 Shatter                  Erth           #######...   100%        9    #######

Action                   |  1- 3 |  4- 6 |  7- 9 | 10-12 | 13-15 | 16-18 || total
-------------------------+-------+-------+-------+-------+-------+-------++-------
Melee: Hand axe          |   113 |   279 |   459 |   906 |   900 |       ||  2657
       War axe           |       |       |       |     9 |    63 |       ||    72
       Halberd           |       |       |       |       |   479 |   237 ||   716
       Trident           |       |       |       |       |     1 |       ||     1
       Glaive            |       |       |       |       |       |    28 ||    28
Throw: Dart              |       |       |    55 |    57 |    21 |       ||   133
       Large rock        |       |       |       |     3 |    28 |     6 ||    37
 Cast: Bolt of Magma     |       |       |       |       |   111 |   120 ||   231
       Iron Shot         |       |       |       |       |     7 |    81 ||    88
       Irradiate         |       |       |       |       |     5 |    28 ||    33
       Lee's Rapid Decon |       |       |       |       |       |   167 ||   167
       Petrify           |       |       |       |       |       |    36 ||    36
       Blink             |       |       |       |       |       |     1 ||     1
Invok: Banish            |       |     7 |     7 |    26 |    43 |     2 ||    85
       Bend Space        |       |       |     3 |     8 |    12 |     4 ||    27
       Corrupt           |       |       |       |       |       |     2 ||     2
Evoke: Wand              |       |       |    12 |     3 |    25 |    21 ||    61
       Phial of floods   |       |       |       |     1 |     2 |     4 ||     7
       Box of beasts     |       |       |       |       |     1 |     2 ||     3
  Use: Scroll            |       |     1 |     6 |     9 |    10 |    10 ||    36
       Potion            |       |       |     5 |     1 |     9 |     6 ||    21
 Stab: Invisible         |       |       |     1 |       |       |       ||     1
       Sleeping          |       |       |       |     1 |       |       ||     1
       Petrified         |       |       |       |       |       |    14 ||    14
       Distracted        |       |       |       |       |       |     1 ||     1
  Eat: Chunk             |     2 |    13 |    20 |    26 |    51 |    53 ||   165
       Ration            |       |     1 |     2 |     6 |    12 |     7 ||    28
Armor: Robe              |    26 |    52 |    92 |   103 |   134 |    31 ||   438
       Acid dragon scale |       |       |       |       |   125 |    76 ||   201
       Troll leather arm |       |       |       |       |     7 |     5 ||    12
Dodge: Dodged            |    74 |   144 |   228 |   339 |   531 |   175 ||  1491

Skill      XL: |  1  2  3  4  5  6  7  8  9 10 11 12 13 14 15 16 17 |
---------------+----------------------------------------------------+-----
Invocations    | 3 4 5 7 8 9 10 | 10.0
Axes           | 3 4 5 7 9 10 12 | 12.5
Fighting       | 5 6 7 8 10 12 13 15 18 | 18.0
Evocations     | 2 4 6 7 8 |  8.0
Throwing       | 2 3 |  3.4
Spellcasting   | 6 9 11 13 14 | 14.1
Conjurations   | 5 8 10 11 | 11.2
Earth Magic    | 5 8 10 11 12 | 12.2
Dodging        | 3 |  3.6

Inventory:

Hand Weapons
 a - the +10 glaive of the Vase {drain, Str+2}
   (You bought it in a shop on level 2 of the Orcish Mines)

   A truly terrible weapon, it drains the life of those it strikes.
   It affects your strength (+2).
 w - the +6 halberd of Subterfuge (weapon) {chop, MR+ Int+5 Stlth-}
   (You found it on level 6 of the Lair of Beasts)

   It inflicts extra damage upon your enemies.
   It affects your intelligence (+5).
   It affects your resistance to hostile enchantments.
   It makes you less stealthy.
 z - the +7 dagger "Lut Qeecw" {holy, MR++}
   (You found it on level 7 of the Dungeon)

   It has been blessed by the Shining One to cause great damage to the undead
   and demons.
   It affects your resistance to hostile enchantments.
 N - the +0 trident "Meklil" {flame, rF+ SInv}
   (You found it on level 13 of the Dungeon)

   It has been specially enchanted to burn those struck by it, causing extra
   injury to most foes and up to half again as much damage against particularly
   susceptible opponents.
   It protects you from fire.
   It lets you see invisible.
Missiles
 j - 25 large rocks (quivered)
 U - 2 throwing nets {!f}
Armour
 b - a +1 hat of magic resistance
 k - the +0 robe of the Great Game (worn) {Int+2}
   (You found it in a Gauntlet)

   It affects your intelligence (+2).
 M - +0 acid dragon scales
 Q - a +0 cloak (worn)
 V - a +0 troll leather armour
 X - a +2 hat (worn)
Jewellery
 d - an amulet of the gourmand (around neck)
 i - an uncursed amulet of regeneration
 m - an uncursed ring of flight
 n - an uncursed ring of stealth
 q - a +5 ring of intelligence (right hand)
 y - an uncursed ring of protection from magic
 B - an uncursed ring of fire
 G - a ring of magical power (left hand)
 K - an uncursed ring of resist corrosion
 R - an uncursed ring of ice
 S - an uncursed ring of wizardry
Wands
 f - a wand of paralysis (3)
 o - a wand of polymorph (19)
 v - a wand of disintegration (5)
 C - a wand of acid (3)
 D - a wand of flame (1)
 T - a wand of clouds (2)
Scrolls
 e - a scroll of teleportation {@r1}
 l - 4 scrolls of identify {@r3}
 p - 2 scrolls of immolation
 s - 6 scrolls of amnesia
 F - a scroll of blinking {@r2}
 H - 2 scrolls of silence
 I - 7 scrolls of remove curse {@r4}
Potions
 g - 2 potions of mutation
 h - 2 potions of agility
 r - 6 potions of flight
 t - 7 potions of curing {@q2}
 u - a potion of resistance
 x - 2 potions of cancellation
 A - 2 potions of brilliance
 J - 2 potions of might
 O - a potion of lignification
 W - a potion of haste {@q4}
 Y - a potion of ambrosia
 Z - a potion of heal wounds {@q1}
Miscellaneous
 E - a phial of floods
 P - a box of beasts
Comestibles
 c - 16 rations

##.N .... .... ##...##
.... .N..... ....
..N.... .... N.... ...S
... # ....#S### #.##.
....<.S.# ###<.....
........# #@N..#
............NSSN†N#.#
.S..N..........S....
....................†.
......#............####
......#............#
...##.#...###+#.....
#..[...


You could see a naga warrior, 2 naga ritualists, a guardian serpent, 2 black
mambas and a naga mage.

Vanquished Creatures
  Kirke (Lair:5)
  Gastronok (Lair:1)
  A nagaraja (Snake:2)
  A juggernaut skeleton (D:15)
  A merfolk impaler (Shoals:3)
  Erolcha (D:13)
  2 naga warriors (Snake:2)
  6 hydras
  7 anacondas
  A death knight (D:15)
  A merfolk aquamancer (Shoals:2)
  An alligator (Shoals:3)
  A merfolk avatar (Shoals:3)
  7 two-headed ogres
  A satyr (Shoals:3)
  3 death yaks (D:8)
  8 orc high priests (Orc:2)
  2 tengu warriors (D:15)
  Urug (Lair:1)
  5 naga sharpshooters
  4 shock serpents (Snake:2)
  Nergalle (D:12)
  A soul eater (Orc:2)
  A sixfirhy (Orc:2)
  2 salamander mystics
  8 sea snakes
  3 skeletal warriors (D:15)
  3 unseen horrors
  2 infernal demonspawn (Orc:2)
  A glowing orange brain (Lair:5)
  5 harpies
  4 orc knights (Orc:2)
  3 naga ritualists
  5 mana vipers
  4 necromancers
  2 phantasmal warriors (D:15)
  3 orc sorcerers (Orc:2)
  8 ugly things (D:14)
  3 salamanders (Snake:1)
  A wolf spider (D:15)
  11 manticores
  2 deep elf magi (D:13)
  6 cyclopes
  7 fauns (Shoals:2)
  18 elephants
  A fire giant zombie (D:15)
  2 water nymphs (Shoals:3)
  2 centaur zombies
  13 merfolk sirens
  A rust devil (Orc:2)
  22 black mambas
  6 naga magi
  2 torpor snails (Lair:2)
  A gargoyle (D:14)
  A centaur skeleton (D:14)
  21 spiny frogs
  4 rime drakes
  4 kobold demonologists (D:13)
  5 komodo dragons
  A yaktaur skeleton (D:15)
  A spriggan skeleton (D:15)
  An efreet (D:13)
  A harpy zombie (D:14)
  An ice devil (Gauntlet)
  17 merfolk
  A troll (shapeshifter) (D:14)
  4 wind drakes
  7 trolls
  A tyrant leech (Lair:6)
  5 snapping turtles
  30 blink frogs
  3 hornets (Gauntlet)
  2 dream sheep (D:8)
  10 hippogriffs
  9 slime creatures
  Sigmund (D:3)
  A centaur simulacrum (D:14)
  7 wyverns
  A ynoxinul (Orc:2)
  64 yaks
  4 wraiths
  3 basilisks (D:15)
  6 water elementals
  4 hogs (Lair:5)
  A basilisk (shapeshifter) (D:14)
  14 vampire mosquitoes
  2 steam dragons
  3 insubstantial wisps (Lair:5)
  3 wargs
  An acid dragon (D:13)
  5 water moccasins
  20 nagas
  6 porcupines
  30 orc warriors
  6 sky beasts
  7 ice beasts
  An eye of draining (D:12)
  9 ogres
  2 black bears
  A wolf (Lair:1)
  3 phantoms
  7 centaurs
  11 crocodiles
  7 big kobolds
  22 bullfrogs
  2 wyvern skeletons
  2 scorpions
  5 killer bees
  5 howler monkeys
  17 wights
  6 electric eels
  5 crimson imps
  A quasit (D:10)
  A bullfrog zombie (D:12)
  A jelly (D:11)
  4 hounds
  23 orc priests
  12 orc wizards
  A bullfrog skeleton (D:10)
  4 iguanas
  11 worker ants
  2 hound skeletons
  Robin (D:1)
  A worker ant zombie (D:8)
  2 howler monkey skeletons
  12 adders
  8 gnolls
  2 shadow imps
  3 white imps (Gauntlet)
  2 oozes (D:7)
  A worm (D:4)
  3 dart slugs
  10 leopard geckos
  107 orcs
  5 ball pythons
  7 giant cockroaches
  14 goblins
  10 hobgoblins
  20 jackals
  22 kobolds
  3 quokkas
  7 bats
  4 frilled lizards
  A quokka skeleton (D:8)
  A quokka zombie (D:5)
  9 rats
  A fungus (Lair:6)
  5 plants
954 creatures vanquished.

Vanquished Creatures (collateral kills)
  Saint Roka (Orc:1)
  A merfolk avatar (Shoals:3)
  A faun (Shoals:3)
  4 nagas (Lair:2)
  A water moccasin (Lair:2)
8 creatures vanquished.

Vanquished Creatures (others)
  Frances (Shoals:1)
  A merfolk impaler (Shoals:1)
  5 hydras
  3 mana vipers (Snake:2)
  2 manticores (D:11)
  An ugly thing (D:12)
  5 salamanders (Volcano)
  3 black mambas
  A gargoyle (D:12)
  A torpor snail (Lair:2)
  2 komodo dragons
  10 spiny frogs
  3 rime drakes (Shoals:1)
  A wolf spider simulacrum (D:14)
  2 trolls
  5 merfolk
  3 wind drakes (Shoals:1)
  5 blink frogs (Lair:6)
  4 tyrant leeches (Lair:6)
  A hippogriff (Shoals:1)
  A wraith (Lair:5)
  A hungry ghost (D:11)
  A steam dragon (Shoals:1)
  A vampire mosquito (Lair:5)
  An acid dragon (D:11)
  A water moccasin (Snake:2)
  4 orc warriors
  An ice beast (D:9)
  A necrophage (D:9)
  An ogre (D:7)
  A centaur (Shoals:1)
  A gnoll sergeant (D:8)
  A wyvern zombie (D:7)
  A scorpion (D:4)
  A wight (D:7)
  3 killer bees (D:9)
  A jelly (D:4)
  3 orc priests
  A worker ant (D:4)
  31 fungi
  80 plants
  20 starspawn tentacles (Shoals:1)
  6 withered plants (D:15)
222 creatures vanquished.

Grand Total: 1184 creatures vanquished

Levels and vault maps discovered:
D:1:      matt_arrival_spirals, layout_basic
D:2:      layout_rooms, uniq_robin
D:3:      layout_loops_cross, gammafunk_temple_overflow_statue,
          palyth_stone_intersect, minmay_crystal_room, uniq_sigmund
D:4:      layout_cave_pools, old_standard_altar, cheibrodos_ashenzari_chains,
          temple_pool_b, kennysheep_nub, chequers_serial_rivers_micro_b
D:5:      layout_basic, first_ration, serial_shops, shop
D:6:      layout_basic, serial_bayou_crossing
D:7:      layout_rooms
D:8:      layout_cave_pods, vehumet_altar_wand_db, dpeg_lair_monsters,
          minivault_26, hangedman_ranch [blue_anna_fruit_fields], bloody_trog
D:9:      layout_basic, kennysheep_mini, kennysheep_mini_moat, orc_0_dummy,
          kennysheep_generic_room_4
D:10:     layout_roguey [special_room_orc], minmay_fractal_squares_diagonal_5,
          uniq_sonja
D:11:     minmay_general_purpose_star, layout_basic
D:12:     layout_cave_pools, serial_shops, shop_coins, uniq_nergalle
D:13:     layout_roguey, david_vaults_1, uniq_erolcha
D:14:     layout_loops_ring, infiniplex_staircase_zigzag_2,
          muffindrake_ghost_dual_entry
D:15:     gammafunk_depths_entry_grave, layout_loops_ring, basic_altar,
          small_statue_intersection, special_room [special_room_mythical_zoo]
Temple:   regret_index_temple_waves
Lair:1:   layout_misc_corridors, st_stairs_4, beast_lair_carwin_7, uniq_erica,
          uniq_urug, uniq_gastronok
Lair:2:   layout_roguey, minmay_snake_entry_guardpost_medium, st_stairs_7,
          kennysheep_snail_temple
Lair:3:   layout_gridlike
Lair:4:   layout_regular_city, elwin_shoals_entry_stream,
          hangedman_lair_unloving_vines, chequers_serial_rivers_small_a,
          chequers_serial_rivers_marsh, nicolae_quartered_pool_super
Lair:5:   layout_gridlike, slime_dummy, pond, uniq_josephine, uniq_nessos,
          uniq_kirke
Lair:6:   minmay_lair_end_frog_pond, layout_regular_city, ebering_ghost_xom
Shoals:1: layout_shoals, nicolae_shoals_drake_roost, uniq_frances
Shoals:2: layout_shoals
Shoals:3: layout_shoals, nicolae_shoals_siren_and_animal_friends
Shoals:4: shoals_end_grunt_ice, layout_shoals,
          portal_ice_cave_entry_frozen_things, uniq_polyphemus
Snake:1:  layout_misc_corridors, serial_shops, shop_statue
Snake:2:  cheibrodos_forgotten_conduit, layout_chambers
Snake:3:  layout_basic, ebering_ghost_reflecting_pool, lemuel_fruit_tree,
          serial_bayou_shore_b
Orc:1:    layout_caves, serial_shops, nicolae_shop_behind_doors
Orc:2:    pf_orc_diabolical, layout_caves, nicolae_volcano_entry_hallway,
          serial_shops, nicolae_shop_window_shopping, gauntlet_entry_generic,
          nicolae_orc_lava_tube, uniq_saint_roka


Message History

The anaconda is blasted with magical radiation!!!
You kill the anaconda!
Lugonu accepts your kill.
The naga warrior is blasted with magical radiation!!!
The naga warrior is severely wounded.
The naga warrior twists and deforms.
The naga ritualist is blasted with magical radiation!!
The naga ritualist is almost dead.
The naga ritualist twists and deforms.
You are lightly contaminated with residual magic.
You feel sick.
You hear an angry hiss.
The naga mage points at you and mumbles some strange words.
The bolt of poison hits you!!
You are more poisoned.
* * * LOW HITPOINT WARNING * * *
A naga ritualist comes into view. It is wielding a +0 dagger of venom.
The naga ritualist casts a spell at you.
The lance of force hits you!
You die...

Notes
Turn   | Place    | Note
-------+----------+-------------------------------------------
     0 | Abyss:1  | bmfx the Ogre Abyssal Knight began the quest for the Orb.
     0 | Abyss:1  | Reached XP level 1. HP: 24/24 MP: 2/2
    18 | D:1      | Escaped the Abyss
   304 | D:1      | Reached XP level 2. HP: 32/32 MP: 3/3
   873 | D:1      | Reached ** piety under Lugonu
   937 | D:2      | Reached XP level 3. HP: 40/40 MP: 4/4
   967 | D:2      | Noticed Robin
  1369 | D:1      | Killed Robin
  1567 | D:2      | Reached XP level 4. HP: 34/49 MP: 6/6
  1765 | D:2      | Reached skill level 5 in Fighting
  2678 | D:3      | Reached *** piety under Lugonu
  2765 | D:3      | Reached XP level 5. HP: 57/57 MP: 7/7
  2861 | D:3      | Found a hazy altar of Hepliaklqana.
  2862 | D:3      | Found a hide-covered altar of Uskayaw.
  3118 | D:3      | Noticed Sigmund
  4325 | D:4      | Reached XP level 6. HP: 67/67 MP: 7/9
  4514 | D:4      | Reached skill level 6 in Fighting
  4754 | D:4      | Found a staircase to the Ecumenical Temple.
  4768 | Temple   | Entered the Ecumenical Temple
  5424 | D:4      | Found a shattered altar of Ashenzari.
  5986 | D:4      | Found a shadowy altar of Dithmenos.
  6182 | D:5      | Entered Level 5 of the Dungeon
  6182 | D:5      | Noticed a phantom
  6204 | D:5      | Killed a phantom
  6204 | D:5      | Reached XP level 7. HP: 64/76 MP: 10/10
  6651 | D:5      | Reached skill level 5 in Invocations
  7289 | D:5      | Reached skill level 7 in Fighting
  7575 | D:5      | Found Biastroqa's Assorted Antiques.
  7583 | D:5      | Bought a silver wand for 84 gold pieces
  7583 | D:5      | Bought a metallic emerald potion for 18 gold pieces
  7583 | D:5      | Bought a scroll labeled YGOKHU QEERAIR for 21 gold pieces
  8137 | D:5      | Reached skill level 5 in Axes
  8778 | D:5      | Reached XP level 8. HP: 82/87 MP: 12/12
  9364 | D:6      | Reached skill level 8 in Fighting
 10188 | D:7      | Reached skill level 1 in Evocations
 11094 | D:7      | Got a jewelled dagger
 11308 | D:7      | Got a translucent dagger
 11382 | D:7      | Reached XP level 9. HP: 55/96 MP: 14/14
 11779 | D:8      | Noticed a death yak
 11779 | D:8      | Noticed a death yak
 12054 | D:8      | Found a staircase to the Lair.
 12736 | D:7      | Reached skill level 9 in Fighting
 12873 | D:8      | Found a bloodstained altar of Trog.
 13308 | D:8      | Found a radiant altar of Vehumet.
 13818 | Lair:1   | Entered Level 1 of the Lair of Beasts
 13818 | Lair:1   | Noticed Erica
 13819 | Lair:1   | Banished Erica
 13819 | Lair:1   | Reached skill level 10 in Fighting
 13822 | Lair:1   | Noticed a komodo dragon
 13823 | Lair:1   | Noticed a spiny frog
 13873 | D:9      | Reached XP level 10. HP: 99/111 MP: 16/16
 13957 | D:9      | Found a staircase to the Orcish Mines.
 13975 | D:9      | Found an ornate altar of the Wu Jian Council.
 14812 | D:9      | Reached skill level 11 in Fighting
 14941 | D:9      | Reached skill level 5 in Evocations
 16288 | D:9      | Found a blossoming altar of Fedhas.
 16378 | D:10     | Entered Level 10 of the Dungeon
 16431 | D:10     | Noticed Sonja
 16435 | D:10     | Banished Sonja
 16837 | D:10     | Found a roughly hewn altar of Beogh.
 17185 | D:9      | Reached skill level 12 in Fighting
 17361 | D:10     | Noticed an unseen horror
 17375 | D:10     | Killed an unseen horror
 17375 | D:10     | Reached XP level 11. HP: 49/123 MP: 17/17
 17808 | D:10     | Reached **** piety under Lugonu
 18097 | D:10     | Identified the cursed +2 dagger of Trauma {pierce, rPois
                  | Str-3 Dex+3} (You found it on level 7 of the Dungeon)
 19233 | D:11     | Reached skill level 10 in Axes
 19417 | D:11     | Noticed a manticore
 19448 | D:11     | Banished a manticore
 19448 | D:11     | Reached skill level 13 in Fighting
 19748 | D:11     | Noticed a cyclops
 19875 | D:11     | Killed a cyclops
 20016 | D:11     | Noticed a manticore
 20017 | D:11     | Banished a manticore
 20451 | D:12     | Found Butau's Weapon Emporium.
 20451 | D:12     | Noticed an unseen horror
 20859 | D:12     | Killed an unseen horror
 21078 | D:12     | Noticed a cyan ugly thing
 21081 | D:12     | Banished a cyan ugly thing
 21234 | D:12     | Noticed Nergalle
 21570 | D:8      | Reached XP level 12. HP: 134/137 MP: 18/18
 22056 | Lair:1   | Reached skill level 14 in Fighting
 22351 | Lair:1   | Noticed Gastronok
 22352 | Lair:1   | Noticed Urug
 23007 | Lair:1   | Noticed an eight-headed hydra
 23172 | Lair:2   | Found a snail-covered altar of Cheibriados.
 23778 | Lair:2   | Found a staircase to the Snake Pit.
 24079 | Lair:2   | Reached skill level 15 in Fighting
 25434 | Lair:3   | Reached skill level 1 in Throwing
 25789 | Lair:3   | Noticed a six-headed hydra
 25792 | Lair:3   | Banished a six-headed hydra
 25871 | Lair:3   | Reached XP level 13. HP: 108/150 MP: 19/19
 26273 | Lair:3   | Learned a level 5 spell: Bolt of Magma
 26557 | Lair:3   | Reached skill level 1 in Spellcasting
 26558 | Lair:3   | Reached skill level 1 in Conjurations
 26558 | Lair:3   | Reached skill level 1 in Earth Magic
 26988 | Lair:3   | Identified the +7 dagger "Lut Qeecw" {holy, MR++} (You
                  | found it on level 7 of the Dungeon)
 27859 | Lair:4   | Found a staircase to the Shoals.
 28933 | Lair:5   | Noticed Nessos
 28934 | Lair:5   | Noticed Nessos
 28934 | Lair:5   | Nessos changed into Nessos the glowing orange brain
 28961 | Lair:5   | Killed Nessos the glowing orange brain
 29045 | Lair:5   | Found a staircase to the Slime Pits.
 29203 | Lair:5   | Noticed Josephine
 29270 | Lair:6   | Entered Level 6 of the Lair of Beasts
 29676 | Lair:5   | Reached skill level 5 in Spellcasting
 29681 | Lair:5   | Banished Josephine
 30041 | Lair:5   | Noticed Kirke
 30060 | Lair:5   | Killed Kirke
 30888 | D:3      | Killed Sigmund
 30963 | D:8      | Reached skill level 5 in Earth Magic
 30967 | D:8      | Reached skill level 5 in Conjurations
 31349 | Lair:1   | Killed Urug
 31349 | Lair:1   | Reached XP level 14. HP: 64/159 MP: 23/23
 31530 | Lair:1   | Killed Gastronok
 35738 | Lair:6   | Found a runed translucent door.
 35755 | Lair:6   | Found a shimmering altar of Xom.
 35755 | Lair:6   | Noticed krystol's ghost (journeyman HOAK)
 36422 | Lair:6   | Got a steaming halberd
 36423 | Lair:6   | Identified the +6 halberd of Subterfuge {chop, MR+ Int+5
                  | Stlth-} (You found it on level 6 of the Lair of Beasts)
 36945 | D:12     | Killed Nergalle
 38033 | D:12     | Reached XP level 15. HP: 143/167 MP: 12/28
 38403 | D:13     | Got a scorched trident
 38404 | D:13     | Identified the cursed +0 trident "Meklil" {flame, rF+ SInv}
                  | (You found it on level 13 of the Dungeon)
 38921 | D:13     | Noticed Erolcha
 38934 | D:13     | Killed Erolcha
 39026 | D:13     | Reached skill level 10 in Spellcasting
 39660 | D:13     | Found a gate to the Vaults.
 41506 | D:14     | Noticed Follixusi's ghost (journeyman MiBe)
 41520 | D:14     | Noticed a fire giant
 41669 | D:14     | Found a runed translucent door.
 41679 | D:14     | Noticed a lich
 41681 | D:14     | Found a runed translucent door.
 41866 | D:15     | Entered Level 15 of the Dungeon
 42194 | D:15     | Found a staircase to the Depths.
 43075 | Orc:1    | Entered Level 1 of the Orcish Mines
 43379 | Orc:2    | Entered Level 2 of the Orcish Mines
 43396 | Orc:2    | Found a dark tunnel.
 43405 | Volcano  | Entered a volcano
 43589 | Orc:2    | Noticed Saint Roka
 43717 | Orc:2    | Found a staircase to the Elven Halls.
 43721 | Orc:2    | Found a gate leading to a gauntlet.
 43730 | Gauntlet | Entered a Gauntlet
 43730 | Gauntlet | Found a transporter.
 43730 | Gauntlet | Found a transporter.
 43731 | Gauntlet | Found a transporter.
 43731 | Gauntlet | Found a transporter.
 43734 | Gauntlet | Found a transporter.
 43734 | Gauntlet | Found a transporter.
 43744 | Gauntlet | Found a transporter.
 43748 | Gauntlet | Found a transporter.
 43758 | Gauntlet | Found a transporter.
 43860 | Gauntlet | Found a transporter.
 43864 | Gauntlet | Found a transporter.
 43874 | Gauntlet | Found a transporter.
 43932 | Gauntlet | Paralysed by a hornet for 3 turns
 43940 | Gauntlet | Paralysed by a hornet for 1 turns
 44299 | Gauntlet | Identified the +5 broad axe of Rovvie {chop, rElec MR+}
 44318 | Gauntlet | HP: 8/167 [minotaur/silver javelin (5)]
 44341 | Gauntlet | Got a heavy robe
 44344 | Gauntlet | Got a wavering ivory ring
 44346 | Gauntlet | Identified the Reference Book on Transformation
 44354 | Orc:2    | Learned a level 1 spell: Apportation
 44361 | Orc:2    | Learned a level 6 spell: Iron Shot
 44367 | Orc:2    | Learned a level 5 spell: Irradiate
 44965 | Orc:1    | Reached skill level 10 in Earth Magic
 45057 | Orc:1    | Found Ymonus's Food Shoppe.
 45237 | Orc:2    | Found Loffupy's Food Shop.
 45354 | Orc:2    | Reached skill level 10 in Conjurations
 45518 | Orc:1    | Reached XP level 16. HP: 75/176 MP: 9/31
 46136 | Orc:1    | Identified the +0 robe of the Great Game {Int+2} (You found
                  | it in a Gauntlet)
 46147 | Orc:1    | Identified the ring "Hanof" {Fire *Contam Str+7} (You found
                  | it in a Gauntlet)
 46180 | Orc:1    | Killed Saint Roka
 46345 | Orc:2    | Found Zaimm's Magic Scroll Boutique.
 46669 | Orc:2    | Found Atiorurr's Distillery.
 46741 | Orc:2    | Bought a potion of degeneration for 13 gold pieces
 46741 | Orc:2    | Bought a potion of magic for 104 gold pieces
 46741 | Orc:2    | Bought a potion of might for 52 gold pieces
 48074 | Orc:2    | Found Ogamp's Book Shoppe.
 48074 | Orc:2    | Found a one-way gate leading to the halls of Pandemonium.
 48074 | Orc:2    | Found Ytteaz's Antique Weapon Emporium.
 48101 | Orc:2    | Bought a book of Geomancy for 525 gold pieces
 48107 | Orc:2    | Learned a level 5 spell: Lee's Rapid Deconstruction
 48110 | Orc:2    | Learned a level 2 spell: Passwall
 48112 | Orc:2    | Bought an iridescent glaive for 230 gold pieces
 48112 | Orc:2    | Identified the +10 glaive of the Vase {drain, Str+2} (You
                  | bought it in a shop on level 2 of the Orcish Mines)
 48250 | D:8      | Reached ***** piety under Lugonu
 48782 | D:15     | Found a sacrificial altar of Ru.
 50012 | Orc:2    | Bought a scroll of acquirement for 520 gold pieces
 50012 | Orc:2    | Bought a scroll of identify for 20 gold pieces
 50012 | Orc:2    | Bought a scroll of identify for 20 gold pieces
 50012 | Orc:2    | Bought a scroll of identify for 20 gold pieces
 50174 | Shoals:1 | Entered Level 1 of the Shoals
 50391 | Shoals:1 | Learned a level 4 spell: Petrify
 50395 | Shoals:1 | Learned a level 2 spell: Blink
 50431 | Shoals:1 | Noticed Frances
 50708 | Shoals:1 | Corrupted Shoals:1
 50708 | Shoals:1 | Noticed a tentacled starspawn
 50708 | Shoals:1 | Noticed a tentacled starspawn
 50708 | Shoals:1 | Noticed a tentacled starspawn
 50712 | Shoals:1 | Killed Frances
 50720 | Shoals:1 | Noticed a tentacled starspawn
 50748 | Shoals:1 | Noticed a bone dragon
 53527 | Shoals:2 | Reached XP level 17. HP: 157/184 MP: 34/34
 54781 | Shoals:3 | Reached skill level 10 in Invocations
 56848 | Shoals:4 | Entered Level 4 of the Shoals
 56974 | Shoals:4 | Noticed Polyphemus
 57126 | Snake:1  | Entered Level 1 of the Snake Pit
 58172 | Snake:1  | Reached skill level 16 in Fighting
 58869 | Snake:1  | Learned a level 5 spell: Borgnjor's Vile Clutch
 58899 | Snake:1  | Found Ycvues's Distillery.
 58903 | Snake:1  | Bought a potion of heal wounds for 75 gold pieces
 58903 | Snake:1  | Bought a potion of curing for 45 gold pieces
 58903 | Snake:1  | Bought 2 potions of curing for 90 gold pieces
 58903 | Snake:1  | Bought a potion of curing for 45 gold pieces
 58903 | Snake:1  | Bought a potion of cancellation for 120 gold pieces
 58903 | Snake:1  | Bought a potion of cancellation for 120 gold pieces
 59743 | Snake:2  | Reached skill level 17 in Fighting
 59746 | Snake:2  | Corrupted Snake:2
 61017 | Snake:2  | Found the +10 morningstar "Eos" {elec, Halo rElec}
 61590 | Snake:2  | Reached skill level 18 in Fighting
 62734 | Snake:3  | Killed from afar by a naga ritualist
